 Dungeon Crawl Stone Soup version 0.24-a0-417-g1cce26a4d2 (webtiles) character file.

Game seed: 5607744396016771576

5626 Avack the Covert (level 10, -10/39 HPs)
             Began as a Felid Chaos Knight on June 10, 2019.
             Was a Plaything of Xom.
             Mangled by a blink frog (16 damage)
             ... on level 4 of the Lair of Beasts.
             The game lasted 01:01:45 (22112 turns).

Avack the Covert (Felid Chaos Knight)              Turns: 22112, Time: 01:01:45

Health: -10/39     AC:  5    Str: 10      XL:     10   Next: 46%
Magic:  5/18       EV: 22    Int: 11      God:    Xom [...*..]
Gold:   551        SH:  0    Dex: 17 (18) Spells: 3/16 levels left
                                        Lives:  0   Deaths: 3

rFire    . . .     SeeInvis +     - Unarmed
rCold    + . .     Gourm    .   (shield unavailable)
rNeg     . . .     Faith    .   (armour unavailable)
rPois    +         Spirit   .   (helmet unavailable)
rElec    .         Reflect  .   (cloak unavailable)
rCorr    .         Harm     .   (gloves unavailable)
MR       +++..                  (boots unavailable)
Stlth    +++++.....             (no amulet)
HPRegen  0.13/turn              g - ring of protection from magic
MPRegen  0.16/turn              p - ring of wizardry

@: quick
A: very small, no armour, no weapons or thrown items, stealth, claws 1, fangs 3,
horns 1, thin metallic scales 1, see invisible, blink, carnivore, deterioration
1, dopey 2, speed 1, frail 1, high mp 1, magic resistance 1, poison resistance,
shaggy fur 3, slow metabolism 1, strong 1, wild magic 1, sharp paws
a: Blink, Renounce Religion


You were on level 4 of the Lair of Beasts.
You worshipped Xom.
You were a favourite toy of Xom.
You were very full.

You visited 3 branches of the dungeon, and saw 16 of its levels.

You collected 881 gold pieces.
You spent 330 gold pieces at shops.

Inventory:

Jewellery
 d - an uncursed ring of protection from cold
 g - a ring of protection from magic (left paw)
 l - an uncursed amulet of magic regeneration {unknown}
 p - a ring of wizardry (right paw)
 t - a cursed amulet of guardian spirit {unknown}
 u - an uncursed ring of protection from magic
Wands
 f - a wand of paralysis (9)
 o - a wand of random effects (11)
 v - a wand of iceblast (2)
 w - a wand of polymorph (14)
 y - a wand of enslavement (17)
Scrolls
 c - 2 scrolls of fog
 e - 7 scrolls of teleportation
 m - 5 scrolls of remove curse
 r - 3 scrolls of magic mapping
Potions
 b - a potion of resistance
 h - a potion of brilliance
 i - 3 potions of haste
 j - a potion of cancellation
 k - a potion of might
 q - 2 potions of invisibility
 s - a potion of magic {unknown}
 A - a potion of agility {unknown}
 C - a potion of ambrosia
 D - a potion of flight
 E - a potion of curing
Miscellaneous
 x - a lamp of fire
 z - a sack of spiders
Comestibles
 a - 36 rations


   Skills:
 - Level 5.5 Fighting
 - Level 6.8 Dodging
 - Level 11.0 Stealth
 - Level 10.3 Unarmed Combat
 + Level 3.7 Spellcasting
 - Level 4.0 Conjurations
 - Level 5.2 Hexes
 + Level 5.5 Summonings
 - Level 3.4 Translocations
 - Level 4.1 Air Magic
 - Level 4.0 Poison Magic
 - Level 7.1 Evocations


You had 3 spell levels left.
You knew the following spells:

 Your Spells              Type           Power        Failure   Level  Hunger
a - Call Imp              Summ           ###.....     2%          2    ##.....
b - Mephitic Cloud        Conj/Pois/Air  ##......     9%          3    ###....
c - Blink                 Tloc           N/A          5%          2    ##.....
d - Slow                  Hex            ###.....     2%          2    ##.....
e - Summon Lightning Spi  Summ/Air       ###.....     17%         4    #####..

Your spell library contained the following spells:

 Spells                   Type           Power        Failure   Level  Hunger
 Summon Small Mammal      Summ           ###.         1%          1    #......
 Magic Dart               Conj           ##..         3%          1    #......
 Shock                    Conj/Air       ##..         3%          1    #......
 Call Canine Familiar     Summ           ###.....     4%          3    ###....
 Summon Guardian Golem    Hex/Summ       ###.....     4%          3    ###....
 Flame Tongue             Conj/Fire      #....        6%          1    #......
 Conjure Flame            Conj/Fire      #.......     17%         3    ###....
 Summon Ice Beast         Ice/Summ       ##......     36%         4    #####..
 Throw Icicle             Conj/Ice       #.......     45%         4    #####..
 Orb of Destruction       Conj           ##........   100%        7    #######


Dungeon Overview and Level Annotations

Branches:
Dungeon (11/15)            Temple (1/1) D:6            Lair (4/6)
 Spider (0/4) Lair:4
  Swamp: Lair:2-4    Shoals: Lair:2-4       Orc: D:9-12

Altars:
Ashenzari
Cheibriados
Dithmenos
Kikubaaqudgha
Nemelex Xobeh
Qazlal
Trog
Xom
Zin
The Shining One

Shops:
D:6 *   D:8 (

Annotations:
D:1 exclusion: dart slug


Innate Abilities, Weirdness & Mutations

You cannot wear armour.
You are incapable of wielding weapons or throwing items.
Your paws allow you to move quietly. (Stealth)
You have sharp claws.
You have razor-sharp teeth.
You have supernaturally acute eyesight. (SInv)
You are carnivorous and can eat meat at any time.
You cover ground quickly.
Your thick and shaggy fur keeps you warm. (AC +3, rC+)
You have a slow metabolism.
Your sharp claws are effective at attacking unaware monsters.
You have a pair of small horns on your head.
You are partially covered in thin metallic scales. (AC +2)
You can translocate small distances at will.
Your body sometimes deteriorates upon taking damage.
You are very dopey. (Int -4)
You are frail. (-10% HP)
You have an increased reservoir of magic. (+10% MP)
You are resistant to hostile enchantments. (MR+)
Your system is resistant to poisons. (rPois)
Your muscles are strong. (Str +2)
Your spells are a little harder to cast, but a little more powerful.


Message History

The elephant is caught in a web!
An ettin is nearby!
Press: ? - help, v - describe, . - travel
Here: an elephant (almost dead, in your thrall, friendly)
The floor. "See what I see, my child!"
You feel aware of your surroundings.
Casting: Summon Lightning Spire (slightly dangerous; 17% risk of failure)
Confirm with . or Enter, or press ? or * to list all spells.
Aiming: Slow (safe; 2% risk of failure)
Press: ? - help, Shift-Dir - straight line, f - ettin
Aim: an ettin (chance to defeat MR: 37%)
The ettin easily resists.
The blink frog croaks.
The blink frog blinks!
You are now a favourite toy of Xom.
Okay, then.
The blink frog hits you!
You die...
Xom roars with laughter!

#....# ##....## #...<..#
##....## ##.....# #......#
####....### #####.........#
######.....[...@รท.####
##..............F.....##
#..........C..........?### #
.......Y................P###
###
.........#####............P##
#P. .....#.###
##...##.........###..
....####
##...r###P....F..##..# ..###
#....## ####...<....P# ###
#.....# ##^.55...##


You could see an ettin, a blink frog and a porcupine.

Vanquished Creatures
  A hydra (Lair:1)
  A two-headed ogre (D:9)
  An unseen horror (D:10)
  2 black mambas
  A rime drake (Lair:4)
  A spiny frog (Lair:3)
  2 komodo dragons
  2 trolls (D:10)
  A hornet (D:7)
  A hippogriff (D:10)
  Grinder (D:4)
  7 blink frogs
  A redback (Lair:4)
  18 yaks
  Menkaure (D:6)
  A hungry ghost (D:7)
  5 water moccasins
  An orc warrior (D:7)
  An ice beast (D:8)
  A sky beast (D:9)
  2 black bears
  2 phantoms
  2 ogres
  3 wolves (Lair:2)
  5 centaurs
  3 crocodiles
  5 bullfrogs
  2 scorpions (D:4)
  A killer bee (D:8)
  A bullfrog zombie (D:7)
  4 crimson imps
  A centaur zombie (D:6)
  A hound (D:7)
  3 bullfrog skeletons (D:6)
  A centaur skeleton (D:6)
  2 jellies
  4 orc priests
  Jessica (D:2)
  An iguana (D:5)
  2 orc wizards
  6 worker ants
  4 hound zombies
  A hound skeleton (D:4)
  A howler monkey zombie (D:6)
  A worker ant zombie (D:6)
  Robin (D:2)
  2 gnolls (D:6)
  6 adders
  A shadow imp (D:9)
  6 oozes
  An adder zombie (D:6)
  5 adder skeletons
  3 worms
  2 dart slugs
  7 leopard geckos
  26 orcs
  A ball python (D:1)
  6 bats
  6 giant cockroaches
  15 goblins
  6 hobgoblins
  10 jackals
  5 kobolds
  2 quokkas
  7 frilled lizards
  A jackal zombie (D:7)
  2 quokka skeletons
  5 rats (D:1)
235 creatures vanquished.

Vanquished Creatures (collateral kills)
  A hydra (Lair:1)
  5 spiny frogs
  7 blink frogs
  4 hippogriffs
  A shapeshifter (Lair:4)
  2 redbacks (Lair:4)
  7 yaks
  2 water moccasins (Lair:1)
  A black bear (Lair:3)
  3 porcupines
  An orc warrior (D:7)
  A phantom (D:8)
  An ogre (D:5)
  A wolf (Lair:2)
  3 bullfrogs
  A scorpion (Lair:1)
  A killer bee (D:8)
  A howler monkey (D:8)
  2 jellies (D:9)
  2 orc priests (D:8)
  An orc wizard (D:8)
  A worker ant (D:10)
  A gnoll (D:6)
  An adder (D:8)
  7 orcs
58 creatures vanquished.

Vanquished Creatures (others)
  An orc (D:8)
  A bush (Lair:4)
  9 fungi
  3 plants (Lair:4)
14 creatures vanquished.

Grand Total: 307 creatures vanquished

Notes
Turn   | Place    | Note
-------+----------+-------------------------------------------
     0 | D:1      | Avack the Felid Chaos Knight began the quest for the Orb.
     0 | D:1      | Reached XP level 1. HP: 10/10 MP: 2/2
   110 | D:1      | Reached skill level 1 in Stealth
   158 | D:1      | XOM: harmless Conj miscast
   181 | D:1      | Reached XP level 2. HP: 14/14 MP: 3/3
   254 | D:1      | Reached skill level 2 in Stealth
   571 | D:1      | Reached XP level 3. HP: 17/17 MP: 4/4
   891 | D:2      | Noticed Jessica
   934 | D:2      | Killed Jessica
   934 | D:2      | Reached skill level 3 in Stealth
  1136 | D:2      | XOM: divination: detect items
  1366 | D:2      | Reached XP level 4. HP: 17/21 MP: 5/5
  1388 | D:2      | Found a glowing golden altar of the Shining One.
  1516 | D:2      | Reached skill level 4 in Stealth
  1641 | D:2      | XOM: cloud trail
  1653 | D:2      | Noticed Robin
  1739 | D:2      | XOM: harmless Fire miscast
  1834 | D:2      | Killed Robin
  1842 | D:2      | XOM: butterfly on damage
  2036 | D:1      | XOM: divination: detect creatures
  2052 | D:1      | XOM: harmless Fire miscast
  2101 | D:2      | XOM: silly message
  2298 | D:2      | XOM: butterfly on damage
  2389 | D:2      | XOM: cloud trail
  2907 | D:2      | XOM: scenery: 1 doors close
  3284 | D:3      | Reached XP level 5. HP: 8/24 MP: 6/6
  3343 | D:2      | XOM: mild Chrm miscast
  3349 | D:2      | XOM: give mutation
  3349 | D:2      | Gained mutation: You are dopey. (Int -2) [Xom's mischief]
  3484 | D:3      | Reached skill level 5 in Stealth
  3656 | D:3      | Found a bloodstained altar of Trog.
  3657 | D:3      | Found a shimmering altar of Xom.
  4005 | D:3      | XOM: harmless Erth miscast
  4268 | D:3      | XOM: divination: detect items
  4401 | D:3      | XOM is BORED!
  4523 | D:3      | XOM: harmless Chrm miscast
  4711 | D:3      | XOM: god gift: scroll of teleportation
  4767 | D:3      | XOM: noise
  4793 | D:4      | Reached skill level 5 in Unarmed Combat
  4809 | D:4      | XOM: divination: detect creatures
  4824 | D:4      | Found a stormy altar of Qazlal.
  4944 | D:4      | Noticed Grinder
  4952 | D:4      | XOM: silly message
  5017 | D:4      | Gained mutation: You are covered in thick fur. (AC +2)
                  | [Felid growth]
  5017 | D:4      | Reached XP level 6. HP: 28/28 MP: 7/7
  5019 | D:4      | Reached skill level 6 in Stealth
  5106 | D:4      | XOM: mild Pois miscast
  5538 | D:5      | Entered Level 5 of the Dungeon
  5557 | D:5      | Learned a level 2 spell: Call Imp
  5561 | D:5      | Learned a level 3 spell: Mephitic Cloud
  5599 | D:5      | Noticed an ice beast
  5629 | D:5      | XOM: potion effect (invisibility)
  5803 | D:5      | Reached skill level 1 in Summonings
  5847 | D:5      | XOM: confuse monster(s)
  5867 | D:4      | XOM: butterfly on damage
  5873 | D:4      | Killed Grinder
  5873 | D:4      | Reached XP level 7. HP: 6/31 MP: 3/8
  6080 | D:4      | XOM: harmless Chrm miscast
  6095 | D:4      | XOM: harmless Erth miscast
  6132 | D:5      | XOM: confuse monster(s)
  6230 | D:5      | XOM: harmless Tloc miscast
  6290 | D:6      | Found a staircase to the Ecumenical Temple.
  6300 | Temple   | Entered the Ecumenical Temple
  6353 | D:6      | XOM: harmless Erth miscast
  6553 | D:6      | XOM: cloud trail
  6616 | D:6      | Found Gaebya's General Store.
  6763 | D:6      | Reached XP level 8. HP: 31/34 MP: 9/9
  6837 | D:6      | Noticed Menkaure
  6840 | D:6      | Killed Menkaure
  7393 | D:6      | XOM: harmless Erth miscast
  7624 | D:6      | XOM: harmless Fire miscast
  7666 | D:7      | Noticed a hippogriff
  7730 | D:7      | Killed a hippogriff
  7730 | D:7      | Reached skill level 7 in Stealth
  7730 | D:7      | Reached skill level 5 in Summonings
  7848 | D:6      | XOM: divination: magic mapping
  8049 | D:6      | XOM: harmless Tloc miscast
  8130 | D:7      | Learned a level 2 spell: Blink
  8195 | D:6      | XOM: harmless Necr miscast
  8412 | D:7      | Reached skill level 1 in Translocations
  8423 | D:7      | Reached skill level 1 in Air Magic
  8467 | D:7      | XOM: potion effect (brilliance)
  8467 | D:7      | XOM: smoke on damage
  8755 | D:7      | Found a snail-covered altar of Cheibriados.
  8757 | D:7      | XOM: cast spell 'Olgreb's Toxic Radiance'
  8758 | D:7      | Reached skill level 1 in Conjurations
  8856 | D:7      | XOM: potion effect (agility)
  8965 | D:7      | XOM: butterfly on damage
  8975 | D:7      | Reached skill level 1 in Poison Magic
  9017 | D:7      | Noticed a hornet
  9033 | D:7      | Killed a hornet
  9552 | D:8      | XOM: noise
  9583 | D:8      | XOM: harmless Summ miscast
  9610 | D:8      | Found an ancient bone altar of Kikubaaqudgha.
  9720 | D:8      | XOM: harmless Fire miscast
  9822 | D:8      | Found a shattered altar of Ashenzari.
  9903 | D:8      | Reached XP level 9. HP: 37/37 MP: 10/10
 10283 | D:8      | XOM: divination: detect items
 10322 | D:8      | XOM: harmless Pois miscast
 10383 | D:7      | XOM: cloud trail
 10443 | D:8      | XOM: divination: magic mapping
 10891 | D:8      | Found Rijenerud's Antique Weapon Boutique.
 11052 | D:8      | Reached skill level 8 in Stealth
 11317 | D:9      | Found a snail-covered altar of Cheibriados.
 11369 | D:9      | XOM: divination: detect items
 11400 | D:9      | Noticed a two-headed ogre
 11405 | D:9      | XOM: potion effect (might)
 11415 | D:9      | Killed a two-headed ogre
 11844 | D:9      | XOM: harmless Summ miscast
 11907 | D:9      | Found the +4 skin of Zhor {Hibernate rC+++ SInv}
 11933 | D:9      | XOM: harmless Fire miscast
 12194 | D:9      | XOM: harmless Necr miscast
 12400 | D:10     | Entered Level 10 of the Dungeon
 12601 | D:10     | XOM: smoke on damage
 12643 | D:10     | Noticed a gargoyle
 12855 | D:10     | Learned a level 2 spell: Slow
 12884 | D:10     | Reached skill level 9 in Stealth
 12965 | D:10     | XOM: harmless Fire miscast
 13113 | D:10     | Reached skill level 1 in Hexes
 13113 | D:10     | Reached XP level 10. HP: 42/42 MP: 5/12
 13155 | D:10     | XOM: silly message
 13496 | D:10     | Noticed an unseen horror
 13498 | D:10     | Killed an unseen horror
 13573 | D:10     | Found a staircase to the Lair.
 13805 | D:10     | XOM: give mutation
 13805 | D:10     | Gained mutation: Your system is resistant to poisons.
                  | (rPois) [Xom's grace]
 14041 | D:10     | Reached skill level 10 in Stealth
 14103 | D:11     | Noticed a green ugly thing
 14163 | D:10     | XOM: give mutations
 14163 | D:10     | Gained mutation: Your spells are a little harder to cast,
                  | but a little more powerful. [Xom's grace]
 14163 | D:10     | Gained mutation: You evolve. [Xom's grace]
 14192 | Lair:1   | Entered Level 1 of the Lair of Beasts
 14225 | Lair:1   | XOM: harmless Summ miscast
 14229 | Lair:1   | Noticed a spiny frog
 14229 | Lair:1   | a yak changed into a spiny frog
 14229 | Lair:1   | XOM: polymorph yak -> spiny frog
 14241 | Lair:1   | HP: 2/42 [spiny frog (25)]
 14244 | D:10     | Slain by a spiny frog
 14245 | D:10     | Reached XP level 9. HP: -5/37 MP: 8/11
 14283 | D:10     | XOM: summons 3 friendly demons
 14300 | D:10     | XOM: summons 4 hostile demons
 14344 | D:10     | XOM: butterfly on damage
 14361 | D:10     | Killed a spiny frog
 14361 | D:10     | Reached skill level 5 in Hexes
 14694 | D:6      | Bought a book of Callings for 330 gold pieces
 14901 | D:10     | XOM: enchant monster (bad)
 15030 | D:10     | Reached skill level 1 in Spellcasting
 15289 | D:10     | XOM: give mutations
 15289 | D:10     | Gained mutation: You rapidly evolve. [Xom's mischief]
 15289 | D:10     | Gained mutation: You are frail. (-10% HP) [Xom's mischief]
 15289 | D:10     | Lost mutation: Your spells are a little harder to cast, but
                  | a little more powerful. [Xom's mischief]
 15289 | D:10     | Gained mutation: You are very dopey. (Int -4) [Xom's
                  | mischief]
 15312 | D:10     | XOM: god gift: levitating book {god gift}
 15312 | D:10     | Identified Xom's Tome of Liberalism (Xom gifted it to you
                  | on level 10 of the Dungeon)
 15437 | D:10     | XOM: harmless Tmut miscast
 15545 | Lair:1   | Noticed a komodo dragon
 15551 | Lair:1   | Killed a komodo dragon
 15551 | Lair:1   | Reached skill level 10 in Unarmed Combat
 15578 | Lair:1   | Noticed a spiny frog
 15578 | Lair:1   | XOM: destruction
 15583 | Lair:1   | XOM: butterfly on damage
 15583 | Lair:1   | Noticed a four-headed hydra
 15587 | Lair:1   | XOM: enchant monster (bad)
 15593 | Lair:1   | XOM: enchant monster (good)
 15601 | Lair:1   | XOM: enchant monster (good)
 15601 | Lair:1   | Noticed a spiny frog
 15605 | Lair:1   | XOM: scenery: create altars
 15608 | Lair:1   | XOM: cleaving
 15609 | Lair:1   | XOM: cast spell 'Discord'
 15609 | Lair:1   | Killed a spiny frog
 15609 | Lair:1   | Reached XP level 10. HP: 14/37 MP: 0/15
 15610 | Lair:1   | Killed a spiny frog
 15646 | Lair:1   | Gained mutation: Your muscles are strong. (Str +2)
                  | [evolution]
 15646 | Lair:1   | Lost mutation: You rapidly evolve. [decline of evolution]
 15674 | Lair:1   | Noticed a four-headed hydra
 15674 | Lair:1   | XOM: confuse monster(s)
 15695 | Lair:1   | XOM: summons friendly white imp
 15786 | Lair:1   | Learned a level 4 spell: Summon Lightning Spire
 15897 | Lair:1   | XOM: fog
 15925 | Lair:1   | XOM: cast spell 'Disjunction'
 15928 | Lair:1   | XOM: 1-stop teleportation journey
 15934 | Lair:1   | XOM: confusion
 15937 | Lair:1   | XOM: mild Summ miscast
 15945 | Lair:1   | XOM: 2-stop teleportation journey
 15948 | Lair:1   | XOM: harmless Necr miscast
 15952 | Lair:1   | XOM: enchant monster (bad)
 15956 | Lair:1   | XOM: summons friendly crimson imp
 16208 | Lair:1   | Reached skill level 1 in Evocations
 16290 | Lair:1   | XOM: harmless Tloc miscast
 16294 | Lair:1   | Noticed a black mamba
 16316 | Lair:1   | XOM: 3-stop teleportation journey
 16331 | Lair:1   | XOM: divination: magic mapping
 16332 | Lair:1   | XOM: enchant monster (good)
 16335 | Lair:1   | Killed a black mamba
 16342 | Lair:1   | XOM: noise
 16355 | Lair:1   | Lost mutation: You are frail. (-10% HP) [evolution]
 16399 | Lair:1   | XOM: mild Pois miscast
 16501 | Lair:1   | XOM: noise
 16598 | Lair:1   | XOM: divination: detect items
 16740 | Lair:1   | XOM: repel stairs
 16745 | Lair:1   | XOM: enchant monster (bad)
 16756 | Lair:1   | XOM: cleaving
 16764 | Lair:1   | XOM: scenery: create altars
 16790 | Lair:1   | XOM: cast spell 'Olgreb's Toxic Radiance'
 16801 | Lair:1   | XOM: mild Chrm miscast
 17074 | Lair:1   | XOM: divination: detect items
 17090 | Lair:1   | XOM: divination: detect creatures
 17169 | Lair:1   | XOM: butterfly on damage
 17383 | Lair:1   | XOM: potion effect (haste)
 17384 | Lair:1   | XOM: divination: detect items
 17395 | Lair:1   | XOM: confuse monster(s)
 17500 | Lair:1   | Killed a four-headed hydra
 17566 | Lair:1   | XOM: confuse monster(s)
 17571 | Lair:1   | XOM: enchant monster (good)
 17575 | Lair:1   | Killed a four-headed hydra
 17848 | Lair:2   | XOM: scenery: create altars
 17849 | Lair:2   | XOM: enchant monster (good)
 17858 | Lair:2   | XOM: destruction
 17874 | Lair:2   | XOM: summons friendly crimson imp
 17898 | Lair:2   | XOM: summons 5 friendly demons
 17906 | Lair:2   | Reached skill level 5 in Dodging
 17909 | Lair:2   | XOM: noise
 17911 | Lair:2   | XOM: polymorph crocodile -> wolf
 17912 | Lair:2   | Lost mutation: You evolve. [end of evolution]
 17920 | Lair:2   | XOM: potion effect (might)
 17940 | Lair:2   | Noticed a spiny frog
 17940 | Lair:2   | XOM: confuse monster(s)
 18231 | Lair:2   | XOM: fog
 18279 | Lair:2   | Noticed a spiny frog
 18306 | Lair:2   | XOM: harmless Hex miscast
 18330 | Lair:2   | XOM: potion effect (agility)
 18333 | Lair:2   | XOM: mild Fire miscast
 18402 | Lair:1   | XOM: give mutations
 18402 | Lair:1   | Lost mutation: Your system is resistant to poisons. (rPois)
                  | [Xom's mischief]
 18402 | Lair:1   | Gained mutation: Your body sometimes deteriorates upon
                  | taking damage. [Xom's mischief]
 18402 | Lair:1   | Gained mutation: You are frail. (-10% HP) [Xom's mischief]
 18402 | Lair:1   | Lost mutation: Your muscles are strong. (Str +2) [Xom's
                  | mischief]
 18429 | Lair:2   | a spiny frog changed into a raiju
 18429 | Lair:2   | XOM: polymorph spiny frog -> raiju
 18494 | Lair:2   | XOM: swap monsters
 18496 | Lair:2   | Reached skill level 5 in Evocations
 18673 | Lair:2   | XOM: destruction
 18675 | Lair:2   | XOM: butterfly on damage
 18676 | Lair:2   | XOM: polymorph butterfly -> river rat
 18724 | Lair:2   | Reached XP level 11. HP: 22/41 MP: 17/17
 18831 | Lair:2   | XOM: 2-stop teleportation journey
 18864 | Lair:2   | XOM: smoke on damage
 19049 | Lair:2   | XOM: 6-stop teleportation journey
 19395 | Lair:3   | Noticed a lindwurm
 19403 | Lair:3   | Noticed a lindwurm
 19405 | Lair:3   | XOM: butterfly on damage
 19407 | Lair:3   | XOM: destruction
 19408 | Lair:3   | Noticed a lindwurm
 19409 | Lair:3   | XOM: scenery: create altars
 19413 | Lair:3   | Noticed a lindwurm
 19510 | Lair:3   | XOM: give mutations
 19510 | Lair:3   | Gained mutation: Your muscles are strong. (Str +2) [Xom's
                  | grace]
 19510 | Lair:3   | Gained mutation: Your flesh is heat resistant. (rF+) [Xom's
                  | grace]
 19510 | Lair:3   | Gained mutation: Your spells are a little harder to cast,
                  | but a little more powerful. [Xom's grace]
 19520 | Lair:3   | XOM: destruction
 19528 | Lair:3   | XOM: cast spell 'Shadow Creatures'
 19528 | Lair:3   | XOM: smoke on damage
 19532 | Lair:3   | Slain by a blink frog
 19533 | Lair:3   | Reached XP level 10. HP: 0/38 MP: 14/16
 19533 | Lair:3   | Noticed a spiny frog
 19536 | Lair:3   | Killed a spiny frog
 19536 | Lair:3   | Reached skill level 5 in Fighting
 19595 | Lair:3   | XOM: enchant monster (good)
 19603 | Lair:3   | XOM: fog
 19624 | Lair:3   | XOM: cleaving
 19638 | Lair:3   | XOM: god gift: 56 gold pieces
 19662 | Lair:3   | XOM: cleaving
 19807 | Lair:3   | XOM: god gift: wand of enslavement (5)
 19810 | Lair:3   | XOM: give mutations
 19810 | Lair:3   | Gained mutation: You are resistant to hostile enchantments.
                  | (MR+) [Xom's grace]
 19810 | Lair:3   | Gained mutation: You are agile. (Dex +2) [Xom's grace]
 19810 | Lair:3   | Gained mutation: You possess an exceptional clarity of
                  | mind. [Xom's grace]
 19810 | Lair:3   | Gained mutation: You can translocate small distances at
                  | will. [Xom's grace]
 19811 | Lair:3   | XOM: potion effect (might)
 19814 | Lair:3   | Mangled by a blink frog
 19815 | Lair:3   | Reached XP level 9. HP: -12/36 MP: 10/15
 19815 | Lair:3   | Noticed a black mamba
 19822 | Lair:3   | Killed a black mamba
 19951 | Lair:3   | XOM: cloud trail
 20257 | Lair:4   | Noticed an elephant
 20257 | Lair:4   | Noticed an elephant
 20260 | Lair:4   | Noticed an elephant
 20265 | Lair:4   | Noticed an elephant
 20266 | Lair:4   | XOM: enchant monster (good)
 20266 | Lair:4   | Noticed an elephant
 20355 | Lair:4   | XOM: cast spell 'Summon Ice Beast'
 20497 | Lair:4   | XOM: 1-stop teleportation journey
 20621 | Lair:4   | Noticed a rime drake
 20634 | Lair:4   | Killed a rime drake
 20655 | Lair:4   | XOM: divination: magic mapping
 20677 | Lair:4   | XOM: scenery: create altars
 20681 | Lair:4   | XOM: fog
 20684 | Lair:4   | XOM: summons 3 friendly demons
 20704 | Lair:3   | XOM: divination: magic mapping
 20721 | Lair:3   | Reached XP level 10. HP: 39/39 MP: 2/16
 20870 | Lair:3   | XOM: fake destruction
 20876 | Lair:3   | XOM: scenery: create altars
 21045 | Lair:3   | Lost mutation: You are agile. (Dex +2) [potion of mutation]
 21045 | Lair:3   | Lost mutation: You possess an exceptional clarity of mind.
                  | [potion of mutation]
 21045 | Lair:3   | Lost mutation: Your flesh is heat resistant. (rF+) [potion
                  | of mutation]
 21045 | Lair:3   | Gained mutation: Your system is resistant to poisons.
                  | (rPois) [potion of mutation]
 21045 | Lair:3   | Gained mutation: Your thick and shaggy fur keeps you warm.
                  | (AC +3, rC+) [potion of mutation]
 21083 | Lair:4   | XOM: confuse monster(s)
 21176 | Lair:4   | XOM: polymorph yak -> shapeshifter
 21188 | Lair:4   | XOM: confuse monster(s)
 21200 | Lair:4   | XOM: silly message
 21357 | Lair:4   | Noticed a spiny frog
 21374 | Lair:4   | Killed a spiny frog
 21511 | Lair:4   | XOM: harmless Ice miscast
 21556 | Lair:4   | Noticed an ettin
 21556 | Lair:4   | a tyrant leech changed into an ettin
 21556 | Lair:4   | XOM: polymorph tyrant leech -> ettin
 21570 | Lair:4   | XOM: summons 2 friendly demons
 21615 | Lair:4   | Reached skill level 11 in Stealth
 21748 | Lair:4   | Found a hole to the Spider Nest.
 21751 | Lair:4   | XOM: confusion (+ monsters)
 21880 | Lair:4   | XOM: butterfly on damage
 21881 | Lair:4   | XOM: enchant monster (good)
 21928 | Lair:4   | XOM: 2-stop teleportation journey
 22065 | Lair:4   | Noticed an elephant
 22079 | Lair:4   | XOM: give mutations
 22079 | Lair:4   | Gained mutation: You have an increased reservoir of magic.
                  | (+10% MP) [Xom's grace]
 22079 | Lair:4   | Gained mutation: You have a pair of small horns on your
                  | head. [Xom's grace]
 22079 | Lair:4   | Gained mutation: You are partially covered in thin metallic
                  | scales. (AC +2) [Xom's grace]
 22087 | Lair:4   | XOM: enchant monster (good)
 22089 | Lair:4   | XOM: smoke on damage
 22103 | Lair:4   | XOM: divination: magic mapping
 22112 | Lair:4   | Mangled by a blink frog

Levels and vault maps discovered:
D:1:      dpeg_arrival_pits, layout_basic
D:2:      layout_basic, lemuel_crystal_altar, uniq_robin, uniq_jessica
D:3:      layout_basic, gammafunk_temple_overflow_pools, first_ration,
          kennysheep_generic_room_10
D:4:      layout_rooms, grunt_qazlal_clouds, uniq_grinder
D:5:      layout_rooms
D:6:      layout_basic, minmay_temple_entry_gardened_gates, serial_shops,
          nicolae_shop_stone, serial_undead, serial_undead_f, serial_undead_f,
          serial_undead_c, serial_undead_c, uniq_menkaure
D:7:      layout_basic, basic_altar
D:8:      layout_basic, nicolae_overflow_hidden_temple, kennysheep_mini_moat,
          serial_shops, kennysheep_little_box, serial_curves, eino_curves_01,
          eino_curves_02
D:9:      layout_cave_pods, lemuel_round_altar, hangedman_little_slice_of_home
D:10:     layout_stronghold, lair_entry_dummy
D:11:     layout_cave_pools, minmay_bent
Temple:   nicolae_temple_elliptical
Lair:1:   layout_cave_shapes
Lair:2:   layout_regular_city, wad_woods_road_04, serial_bayou_shore_b,
          grunt_megastairs_2
Lair:3:   layout_cave_pods, columned_hall_lemuel, st_stairs_10,
          minmay_lindwurm_lava
Lair:4:   layout_hall_layers, minmay_swamp_entry_worms, spider_nest_entry_webs,
          minmay_stone_trees_small, st_stairs_5

Skill      XL: |  1  2  3  4  5  6  7  8  9 10 11 |
---------------+----------------------------------+-----
Stealth        | 1 2 3 4 5 6 7 9 11 | 11.0
Unarmed Combat | 4 5 6 7 8 10 9 | 10.3
Summonings     | 2 4 5 |  5.5
Translocations | 3 |  3.4
Air Magic      | 1 4 |  4.1
Conjurations   | 1 4 |  4.0
Poison Magic   | 1 4 |  4.0
Hexes          | 5 4 |  5.2
Spellcasting   | 3 |  3.7
Evocations     | 7 5 6 |  7.1
Dodging        | 5 6 |  6.8
Fighting       | 5 |  5.5

Action                   |  1- 3 |  4- 6 |  7- 9 | 10-12 || total
-------------------------+-------+-------+-------+-------++-------
Melee: Unarmed           |    56 |   261 |   289 |   173 ||   779
       Punch             |     1 |     5 |    12 |     7 ||    25
       Bite              |     1 |    18 |    37 |    23 ||    79
 Cast: Call Imp          |       |     2 |    95 |    42 ||   139
       Blink             |       |       |     4 |    19 ||    23
       Slow              |       |       |    16 |    16 ||    32
       Mephitic Cloud    |       |       |    13 |    16 ||    29
       Summon Lightning  |       |       |     6 |    47 ||    53
Evoke: Wand              |       |       |     4 |     3 ||     7
  Use: Scroll            |     5 |     6 |     3 |     4 ||    18
       Potion            |       |     1 |     8 |     2 ||    11
 Stab: Sleeping          |    14 |     8 |    21 |     6 ||    49
       Distracted        |       |     4 |     1 |     7 ||    12
       Invisible         |       |     1 |       |       ||     1
       Paralysed         |       |       |     2 |     2 ||     4
       Petrifying        |       |       |     1 |       ||     1
       Confused          |       |       |     7 |     9 ||    16
       Petrified         |       |       |     1 |       ||     1
  Eat: Chunk             |     8 |     9 |    35 |    39 ||    91
       Ration            |       |       |       |     3 ||     3
Armor: Skin              |     2 |     9 |    24 |     3 ||    38
Dodge: Dodged            |    23 |   185 |   204 |   164 ||   576

Table legend:
 A = Non-vault XP
 B = Vault XP
 C = Vault XP percentage of total XP
 D = Non-vault monster count
 E = Vault monster count
 F = Vault count percentage of total count
                 A         B        C        D         E       F
            +---------+---------+-------+---------+---------+-------
      Total |   20108 |    1377 |   6.4 |     252 |      41 |  14.0
            +---------+---------+-------+---------+---------+-------
        D:1 |      43 |       0 |   0.0 |      21 |       0 |   0.0
        D:2 |      47 |      78 |  62.4 |      16 |      15 |  48.4
        D:3 |     108 |       0 |   0.0 |      23 |       0 |   0.0
        D:4 |     280 |     241 |  46.3 |      20 |       1 |   4.8
        D:5 |     157 |       0 |   0.0 |       8 |       0 |   0.0
        D:6 |     330 |     453 |  57.9 |       9 |      12 |  57.1
        D:7 |    1036 |       0 |   0.0 |      18 |       0 |   0.0
        D:8 |     646 |       0 |   0.0 |      25 |       0 |   0.0
        D:9 |    1482 |     121 |   7.5 |      12 |       8 |  40.0
       D:10 |    3379 |       0 |   0.0 |      26 |       0 |   0.0
       D:11 |     116 |       0 |   0.0 |       1 |       0 |   0.0
     Lair:1 |    5228 |       0 |   0.0 |      29 |       0 |   0.0
     Lair:2 |    1326 |      88 |   6.2 |      11 |       1 |   8.3
     Lair:3 |    3021 |      67 |   2.2 |      14 |       1 |   6.7
     Lair:4 |    2909 |     329 |  10.2 |      19 |       3 |  13.6
            +---------+---------+-------+---------+---------+-------
